 Dungeon Crawl Stone Soup version 0.31-a0-198-g2ad674f65e (webtiles) character file.

Game seed: 593849631008406542

105 qw the Skirmisher (level 4, -7/25 HPs)
             Began as a Deep Elf Hunter on June 25, 2023.
             Killed by nerve-wracking pain
             ... invoked by Grinder
              (8 damage)
             ... on level 3 of the Dungeon.
             The game lasted 00:00:31 (1585 turns).

qw the Skirmisher (Deep Elf Hunter)                 Turns: 1585, Time: 00:00:32

Health: -7/25      AC:  6    Str: 10    XL:     4   Next: 53%
Magic:  6/6        EV: 11    Int: 14    God:
Gold:   84         SH:  0    Dex: 18    Spells: 3/3 levels left

rFire   . . .        Y - +2 arbalest
rCold   . . .        (shield currently unavailable)
rNeg    . . .        a - +0 ring mail
rPois   .            (no helmet)
rElec   .            (no cloak)
rCorr   .            (no gloves)
SInv    .            d - +0 pair of boots
Will    .....        (no amulet)
Stlth   +            (no ring)
HPRegen 0.24/turn    (no ring)
MPRegen 0.10/turn

%: no passive effects
@: no status effects
A: no striking features
a: no special abilities


You were on level 3 of the Dungeon.
You visited 1 branch of the dungeon, and saw 3 of its levels.

You collected 84 gold pieces.


   Skills:
 - Level 1.5 Fighting
 + Level 8.0 Ranged Weapons
 - Level 2.4 Dodging
 - Level 1.2 Stealth


You had 3 spell levels left.
You didn't know any spells.
Your spell library was empty.

Inventory:

Hand Weapons
 Y - a +2 arbalest (weapon)
Armour
 a - a +0 ring mail (worn)
 d - a +0 pair of boots (worn)
Wands
 b - a wand of digging (8)
Scrolls
 c - a scroll of teleportation

Dungeon Overview and Level Annotations

Branches:
Dungeon (3/15)

Altars:

Annotations:
D:2 1 runed translucent door, Crazy Yiuf
D:3 Grinder


Message History

HP restored.
Items here: %% ))) / [.
A quokka comes into view.
Enter note:
Enter note: You shoot a bolt.
The bolt hits the quokka.
You kill the quokka!
Your Ranged Weapons skill increases to level 8!
Found an escape hatch in the floor.
Terence the Incautious comes into view.
He is wielding a +0 flail.
Terence shouts!
Enter note:
Enter note: You shoot a bolt.
The bolt hits Terence but does no damage.
You shoot a bolt. The bolt hits Terence!
Terence is moderately wounded.
You shoot a bolt. The bolt barely misses Terence.
An iguana comes into view.
Terence says, "Don't bother to defend, it's pointless."
Terence hits you with a +0 flail.
You shoot a bolt. The bolt barely misses Terence.
The iguana hisses angrily.
Terence barely misses you. x2
You shoot a bolt.
The bolt hits Terence but does no damage.
Terence is moderately wounded.
Grinder comes into view.
Terence hits you with a +0 flail!
You shoot a bolt.
Grinder shouts!
The bolt hits Terence!
Terence is severely wounded.
Terence hits you with a +0 flail. Terence barely misses you.
You shoot a bolt. The bolt hits Terence!
You kill Terence!
The iguana bites you. Grinder gestures at you. Pain shoots through your body!
You die...

## ... .. ....
..#########.%..
...............
...............
........l......
.......@)..>5..
........###....
..<.....### .
........).#
.......##.#
.......##.########
.......+..........
.......###.#######
.......###.###.#


You could see Grinder and an iguana.

Vanquished Creatures
  Ijyb (D:3)
  Terence (D:3)
  3 adders
  A worm (D:2)
  A dart slug (D:2)
  An orc (D:3)
  8 ball pythons
  6 endoplasms
  A giant cockroach (D:1)
  2 goblins
  A hobgoblin (D:2)
  4 kobolds
  3 quokkas
  8 bats
  4 rats
  A butterfly (D:1)
46 creatures vanquished.

Notes
Turn   | Place    | Note
-------+----------+-------------------------------------------
     0 | D:1      | qw the Deep Elf Hunter began the quest for the Orb.
     0 | D:1      | Reached XP level 1. HP: 12/12 MP: 3/3
     0 | D:1      | 0 ||| qw: Version: 0.3-a-22-g0ed2b0b
     0 | D:1      | 0 ||| qw: Game counter: 5475
     0 | D:1      | 0 ||| qw: Melee chars always use a shield: true
     0 | D:1      | 0 ||| qw: God list: Okawaru
     0 | D:1      | 0 ||| qw: Allow faded altars: false
     0 | D:1      | 0 ||| qw: Do Orc after clearing Dungeon:15 true
     0 | D:1      | 0 ||| qw: Do second Lair branch before Depths: true
     0 | D:1      | 0 ||| qw: Lair rune preference: random
     0 | D:1      | 0 ||| qw: Goals: Normal
     0 | D:1      | 0 ||| PLANNING D:1-11
   172 | D:1      | 172 ||| SWAPPING to +0 arbalest.
   173 | D:1      | 173 ||| DROPPING +0 shortbow.
   220 | D:1      | Reached XP level 2. HP: 16/16 MP: 4/4
   226 | D:1      | Reached skill level 6 in Ranged Weapons
   424 | D:1      | You fall into a shaft and drop 1 floor!
   425 | D:2      | 425 ||| UPGRADING to +0 ring mail.
   435 | D:2      | 435 ||| DROPPING +0 leather armour.
   436 | D:2      | 436 ||| DROPPING scroll of butterflies.
   740 | D:1      | 740 ||| READING scroll labelled RUSENOBREO.
   813 | D:2      | Reached XP level 3. HP: 20/20 MP: 5/5
   900 | D:2      | Found a faded altar of an unknown god.
   957 | D:2      | Reached skill level 7 in Ranged Weapons
  1053 | D:2      | 1053 ||| READING scroll of enchant weapon.
  1053 | D:2      | 1053 ||| ENCHANTING +1 arbalest.
  1369 | D:2      | Found a runed translucent door.
  1370 | D:2      | Noticed Crazy Yiuf
  1373 | D:2      | 1373 ||| UPGRADING to +0 pair of boots.
  1378 | D:2      | 1378 ||| READING scroll labelled FIVVOXTYINO.
  1379 | D:2      | 1379 ||| READING scroll labelled DILECW AWAOTSO.
  1504 | D:3      | Reached XP level 4. HP: 25/25 MP: 6/6
  1540 | D:3      | Noticed Ijyb
  1554 | D:3      | Killed Ijyb
  1577 | D:3      | Reached skill level 8 in Ranged Weapons
  1578 | D:3      | Noticed Terence
  1583 | D:3      | Noticed Grinder
  1585 | D:3      | Killed Terence
  1585 | D:3      | HP: 1/25 [iguana (6)]
  1585 | D:3      | Killed from afar by Grinder

Levels and vault maps discovered:
D:1:      spicycebolla_arrival_clurvy, layout_basic
D:2:      layout_loops_ring, ebering_ecumenical_altar_mist,
          uniq_crazy_yiuf_cottage
D:3:      minmay_general_purpose_star, layout_basic,
          mainiacjoe_overflow_surrounded_room, uniq_natasha, uniq_grinder,
          uniq_sigmund, uniq_terence, uniq_robin, uniq_ijyb

Skill      XL: |  1  2  3  4 |
---------------+-------------+-----
Ranged Weapons | 6 7 8 |  8.0
Fighting       | |  1.5
Dodging        | |  2.4
Stealth        | |  1.2

Action                     |  1- 3 |  4- 6 || total
---------------------------+-------+-------++-------
   Fire: Shortbow          |    15 |       ||    15
         Arbalest          |    70 |    24 ||    94
    Use: Scroll            |     4 |       ||     4
 Armour: Ring mail         |     9 |     8 ||    17
         Leather armour    |     1 |       ||     1
  Dodge: Dodged            |    19 |     7 ||    26

Table legend:
 A = Non-vault XP
 B = Vault XP
 C = Vault XP percentage of total XP
 D = Non-vault monster count
 E = Vault monster count
 F = Vault count percentage of total count
                 A         B        C        D         E       F
            +---------+---------+-------+---------+---------+-------
      Total |     114 |      72 |  38.7 |      43 |       2 |   4.4
            +---------+---------+-------+---------+---------+-------
        D:1 |      31 |       0 |   0.0 |      18 |       0 |   0.0
        D:2 |      57 |       0 |   0.0 |      18 |       0 |   0.0
        D:3 |      26 |      72 |  73.5 |       7 |       2 |  22.2
            +---------+---------+-------+---------+---------+-------
